 Dungeon Crawl Stone Soup version 0.31.0-11-ge490571c62 (webtiles) character file.

Game seed: 5361021293706007035

102 MollyMolluskus the Trooper (level 4, -2/31 HPs)
             Began as an Octopode Fighter on Feb 1, 2024.
             Slain by a gnoll
             ... wielding a +0 whip
              (3 damage)
             ... on level 3 of the Dungeon.
             The game lasted 00:11:05 (1910 turns).

MollyMolluskus the Trooper (Octopode Fighter)       Turns: 1910, Time: 00:11:05

Health: -2/31      AC:  1    Str: 17    XL:     4   Next: 77%
Magic:  4/4        EV:  8    Int: 10    God:
Gold:   89         SH:  0    Dex: 17    Spells: 3/3 levels left

rFire   . .          .
                       - Unarmed
rCold   . . .        a - +0 buckler
rNeg    . . .        (helmet restricted)
rPois   .            (no amulet)
rElec   .            m - +6 ring of dexterity
rCorr   .            o - ring of see invisible
SInv    +            (no ring)
Will    .....        (no ring)
Stlth   +++          (no ring)
HPRegen 0.25/turn    (no ring)
MPRegen 0.09/turn    (no ring)
                     (no ring)

%: no passive effects
@: held, hasted, very quick
A: almost no armour, amphibious, 8 rings, camouflage 1, gelatinous body 1,
(nimble swimmer 1), tentacles
a: no special abilities


You were on level 3 of the Dungeon.
You visited 1 branch of the dungeon, and saw 3 of its levels.

You collected 141 gold pieces.
You spent 52 gold pieces at shops.

Inventory:

Hand Weapons
 d - a +1 dagger of freezing
Missiles
 j - 22 stones (quivered)
Armour
 a - a +0 buckler (worn)
Jewellery
 h - a ring of fire
 m - a +6 ring of dexterity (left tentacle)
 o - a ring of see invisible (right tentacle)
Scrolls
 e - a scroll of enchant armour {unknown}
 l - a scroll of teleportation {unknown}
 n - a scroll of poison
 p - 2 scrolls of identify
Potions
 b - a potion of might
 g - 2 potions of brilliance
 i - a potion of heal wounds {unknown}
 k - a potion of mutation {unknown}


   Skills:
 + Level 3.4 Fighting
 + Level 3.4 Dodging
 + Level 2.4 Stealth
 + Level 3.4 Shields
 * Level 3.1 Unarmed Combat


You had 3 spell levels left.
You didn't know any spells.
Your spell library was empty.

Dungeon Overview and Level Annotations

Branches:
Dungeon (3/15)

Altars:

Shops:
D:1 !


Innate Abilities, Weirdness & Mutations

You cannot wear most types of armour.
You are amphibious.
You can wear up to eight rings at the same time.
Your skin changes colour to match your surroundings (Stealth+).
Your rubbery body absorbs attacks. (AC +1, EV +1)
((You are camouflaged when in or above water. (Stealth+)))
You have tentacles for arms and can constrict up to eight enemies at once.


Message History

You tentacle-slap the gnoll but do no damage.
You grab the gnoll.
The gnoll is moderately wounded.
You constrict the gnoll. The gnoll hits you with a +0 whip!
The gnoll closely misses you.
You tentacle-slap the gnoll but do no damage.
You grab the gnoll.
You squeeze the gnoll, but do no damage.
The gnoll is lightly wounded.
You constrict the gnoll. x2; The gnoll closely misses you.
The gnoll throws a throwing net.
The throwing net hits you.
You become entangled in the net!
The gnoll hits you with a +0 spear.
You struggle against the net.
You constrict the gnoll. x2
The gnoll hits you with a +0 whip! The gnoll closely misses you.
You struggle against the net.
You constrict the gnoll. x2
The gnoll hits you with a +0 whip!
* * * LOW HITPOINT WARNING * * *
The gnoll barely misses you.
Unknown command.
You feel better.
You constrict the gnoll.
You kill the gnoll!
You constrict the gnoll. The gnoll barely misses you.
Unknown command.
You struggle against the net.
You constrict the gnoll. The gnoll hits you with a +0 whip.
* * * LOW HITPOINT WARNING * * *
The gnoll closely misses you.
You feel better.
You constrict the gnoll.
You kill the gnoll!
The gnoll barely misses you.
You struggle against the net.
The gnoll hits you with a +0 whip!
* * * LOW HITPOINT WARNING * * *
As you read the scroll labelled XULLIYGG PAYX, it crumbles to dust.
It is a scroll of identify.
g - 2 potions of brilliance The gnoll hits you with a +0 whip.
* * * LOW HITPOINT WARNING * * *
It was a potion of haste.
You feel yourself speed up. The gnoll hits you with a +0 whip.
You die...

......####.....##........#
..>#...........##........#
...#.....#.....##........#
.).......#.....##........#
.###..................)..#
.........#.)....#........#
#####.####......#........#
#.# #.##..g#).......# #.#
#..#..#)@........#
#$....#..##.#........#
...###..###.#..#######
#...# #.....# #..##.....##
#.>......)#
#....#.#####.##### ...##
#.#### ..<..# # #....#
#....#


You could see a gnoll.

Vanquished Creatures
  2 gnolls (D:3)
  2 adders (D:2)
  A ribbon worm (D:2)
  A dart slug (D:1)
  5 bats
  9 endoplasms
  2 giant cockroaches (D:2)
  5 goblins
  11 hobgoblins
  5 kobolds
  A quokka (D:1)
  4 ball pythons
  2 frilled lizards (D:2)
  5 rats
55 creatures vanquished.

Notes
Turn   | Place    | Note
-------+----------+-------------------------------------------
     0 | D:1      | MollyMolluskus the Octopode Fighter began the quest for the
                  | Orb.
     0 | D:1      | Reached XP level 1. HP: 16/16 MP: 1/1
   111 | D:1      | Reached XP level 2. HP: 17/21 MP: 2/2
   179 | D:1      | Found Sisi's Distillery.
   226 | D:1      | Reached skill level 1 in Stealth
   884 | D:2      | Reached XP level 3. HP: 26/26 MP: 3/3
   962 | D:1      | Bought a potion of curing for 39 gold pieces
   962 | D:1      | Bought a potion of degeneration for 13 gold pieces
  1357 | D:2      | Reached XP level 4. HP: 31/31 MP: 4/4
  1909 | D:3      | HP: 1/31 [gnoll/+0 whip (5)]
  1910 | D:3      | Slain by a gnoll

Illustrated notes

Levels and vault maps discovered:
D:1:      roadster_arrival_rocket_large, layout_loops_ring, serial_shops,
          nicolae_shop_tiny_glass
D:2:      layout_rooms, serial_glass, glass_columns_a, glass_columns_a,
          minmay_heptomino_l4
D:3:      layout_rooms, hellmonk_ecumenical_altar_dog_temple

Skill      XL: |  1  2  3  4 |
---------------+-------------+-----
Stealth        | 1 2 |  2.4
Unarmed Combat | 3 |  3.1
Fighting       | |  3.4
Dodging        | |  3.4
Shields        | |  3.4

Action                     |  1- 3 |  4- 6 || total
---------------------------+-------+-------++-------
  Melee: Unarmed           |    75 |    30 ||   105
         Tentacles         |    14 |     5 ||    19
         Constrict         |    18 |     9 ||    27
         Punch             |     2 |     1 ||     3
  Throw: Stone             |     2 |     5 ||     7
    Use: Scroll            |     3 |     2 ||     5
         Potion            |       |     3 ||     3
   Stab: Sleeping          |     5 |     3 ||     8
 Armour: Skin              |    24 |    14 ||    38
  Dodge: Dodged            |    23 |    22 ||    45
  Block: Buckler           |     5 |     7 ||    12
